 Dungeon Crawl Stone Soup version 0.32-a0-433-g08bcfe7efd (webtiles) character file.

Game seed: 216065800083499308

2979 jasper the Skirmisher (level 9, -15/82 HPs)
             Began as a Coglin Chaos Knight on Feb 23, 2024.
             Was a Believer of Okawaru.
             Killed by vampiric draining
             ... invoked by a vampire
              (22 damage)
             ... on level 8 of the Dungeon.
             The game lasted 00:11:39 (6319 turns).

jasper the Skirmisher (Coglin Chaos Knight)         Turns: 6319, Time: 00:11:39

Health: -15/82     AC: 17    Str: 12    XL:     9   Next: 82%
Magic:  6/8        EV: 17    Int: 12    God:    Okawaru [**....]
Gold:   256        SH:  0    Dex: 24    Spells: 8/8 levels left

rFire   . . .        h - +1 sling (drain) {Agam}
rCold   . . .        e - +0 sling {Kaori}
rNeg    . . .        b - +2 leather armour
rPois   .            (no helmet)
rElec   .            g - +0 cloak
rCorr   .            o - +0 pair of gloves
SInv    .            (no boots)
Will    +....        j - amulet of faith
Stlth   +++          d - +6 ring of dexterity
HPRegen 0.33/turn    p - +4 ring of protection
MPRegen 0.11/turn

%: faith
@: heroic, immotile, enlightened, flying
A: off-hand wielding, slow wielding, warmup strikes, legs shutdown, iridescent
scales 2, low MP 1, sense surroundings 1, robust 2, shaggy fur 1
a: Renounce Religion, Heroism


You were on level 8 of the Dungeon.
You worshipped Okawaru.
Okawaru was pleased with you.
You visited 2 branches of the dungeon, and saw 9 of its levels.

You collected 287 gold pieces.
You spent 31 gold pieces at shops.

Inventory:

Hand Weapons
 e - a +0 sling (offhand) {Kaori}
 h - a +1 sling of draining (weapon) {Agam}
Missiles
 f - 4 curare-tipped darts
 u - a throwing net
Armour
 b - a +2 leather armour (worn)
 g - a +0 cloak (worn)
 o - a +0 pair of gloves (worn)
Jewellery
 d - a +6 ring of dexterity (left grasper)
 j - an amulet of faith (around neck)
 l - the ring of Riyn {+Blink rF- Str+6 Int+2 Dex+2}
   (Xom gifted it to you on level 1 of the Dungeon)

   [ring of strength]

   Str+6:     It affects your strength (+6).
   Int+2:     It affects your intelligence (+2).
   Dex+2:     It affects your dexterity (+2).
   rF-:       It makes you vulnerable to fire.
   +Blink:    It lets you blink.
 n - a ring of resist corrosion
 p - a +4 ring of protection (right grasper)
 r - a ring of magical power
 v - a ring of protection from fire
Wands
 t - a wand of polymorph (5)
Scrolls
 i - a scroll of vulnerability
 k - 2 scrolls of brand weapon
 m - a scroll of revelation
 q - 3 scrolls of identify
Potions
 a - a potion of degeneration {unknown}
 w - a potion of invisibility {unknown}
 x - a potion of attraction {unknown}


   Skills:
 + Level 5.7(10.7) Fighting
 - Level 2.6(7.6) Short Blades
 - Level 11.1(16.1) Ranged Weapons
 + Level 2.3(7.3) Armour
 + Level 1.6(6.6) Dodging


You had 8 spell levels left.
You didn't know any spells.
Your spell library contained the following spells:

 Spells                   Type           Power      Damage    Failure   Level
 Foxfire                  Conj/Fire      0%         2x1d4     38%         1
 Slow                     Hex            0%         N/A       38%         1
 Cigotuvi's Dreadful Rot  Necr/Alch/Air  0%         N/A       52%         2
 Confusing Touch          Hex            0%         N/A       77%         3
 Hailstorm                Conj/Ice       0%         3d5       77%         3
 Sigil of Binding         Hex            0%         N/A       77%         3
 Vampiric Draining        Necr           0%         2d6       77%         3
 Dimensional Bullseye     Hex/Tloc       0%         N/A       99%         4
 Ignite Poison            Fire/Alch      0%         N/A       99%         4
 Iskenderun's Mystic Bla  Conj/Tloc      0%         2d3       99%         4
 Freezing Cloud           Conj/Ice/Air   0%         6-21      100%        5
 Plasma Beam              Fire/Air       0%         2x1d10    100%        6
 Starburst                Conj/Fire      0%         6d3       100%        6
 Summon Ice Beast         Ice/Summ       Unusable   N/A       N/A         3
 Tukima's Dance           Hex            Unusable   N/A       N/A         3
 Sculpt Simulacrum        Ice/Alch       Unusable   N/A       N/A         6

Dungeon Overview and Level Annotations

Branches:
Dungeon (8/15)             Temple (1/1) D:5
   Lair: D:8-11

Altars:
Ashenzari
Cheibriados
Dithmenos
Elyvilon
Fedhas
Gozag
Hepliaklqana
Kikubaaqudgha
Makhleb
Nemelex Xobeh
Okawaru
Ru
Sif Muna
Trog
Uskayaw
Vehumet
Xom
Zin

Shops:
D:6 (


Innate Abilities, Weirdness & Mutations

You can wield a second weapon in your off-hand.
It takes a long time for you to wield or remove held weapons.
Your first few attacks do less damage.
Attacking and casting redirects power from your legs.
You are mostly covered in iridescent scales. (AC +4)
Your magical capacity is low. (-10% MP)
You passively map a small area around you.
You are very robust. (+20% HP)
You are covered in fur. (AC +1)


Message History

You fly up into the air.
A vampire appears from thin air!
Reactivating autopickup.
The vampire barely misses you. The vampire closely misses you.
MP restored: 8 You gain the combat prowess of a mighty hero.
The vampire hits you but does no damage.
The vampire closely misses you.
You now have 6/8 mp.
You shoot a sling bullet. The sling bullet hits the vampire.
The vampire is moderately damaged.
You shoot a sling bullet. The sling bullet hits the vampire.
The vampire is moderately damaged.
You shoot a sling bullet.
The sling bullet closely misses the vampire.
You shoot a sling bullet. The sling bullet hits the vampire!
The vampire is severely damaged.
The vampire casts a spell.
The vampire flickers and vanishes!
Deactivating autopickup; reactivate with Ctrl-A.
You cannot move.
You cannot move.
You shoot a sling bullet. x2; Something hits you but does no damage.
Something bites you.
* * * LOW HITPOINT WARNING * * *
Something draws strength from your injuries!
You take 3 damage, and have 21/82 hp.
You shoot a sling bullet. x2
You shoot a sling bullet. x2; Something barely misses you.
Something bites you but does no damage.
You shoot a sling bullet. x2; Something draws life force from you!
* * * LOW HITPOINT WARNING * * *
You take 16 damage, and have 6/82 hp.
You shoot a sling bullet. x2
You shoot a sling bullet. x2
You hear some strange, mumbled words.
Something tries to affect you, but you resist.
Okay, then.
Unknown command.
You shoot a sling bullet. x2; Something draws life force from you!!
You die...

##........)...##*.#
,
##.#...........##.#
##................#
....#########.....#
.#### ###...# * .#
##.## ## #.# ###..
.#** * ###.#......
.... , #($@{..# , *
.###* #........#
..> , #...P~~..# ,
##.# , #..#..PP..#,
.. ...##+....... ,
, , ...# ##..⌠...#
* * $.. ....### ..
...##


There were no monsters in sight!

Vanquished Creatures
  Jeremiah (D:7)
  Sigmund (D:5)
  A wyvern (D:8)
  2 steam dragons
  An acid dragon (D:7)
  Duvessa (D:5)
  An ice beast (D:5)
  A water moccasin (D:8)
  A sky beast (D:7)
  An orc warrior (D:8)
  A black bear (D:6)
  A crocodile (D:6)
  2 centaurs (D:6)
  An ogre (D:5)
  A phantom (D:5)
  Blork the orc (D:5)
  2 bullfrogs
  2 scorpions
  A bombardier beetle (D:5)
  4 hounds
  3 jellies
  2 orc priests
  2 iguanas
  3 orc wizards
  9 adders
  7 gnolls
  3 white imps
  2 ufetubi (D:6)
  5 dart slugs
  2 ribbon worms (D:2)
  39 orcs
  10 endoplasms
  4 giant cockroaches
  6 goblins
  3 hobgoblins
  A quokka (D:2)
  5 ball pythons
  8 bats
  4 frilled lizards
  7 kobolds
  3 rats (D:1)
155 creatures vanquished.

Notes
Turn   | Place    | Note
-------+----------+-------------------------------------------
     0 | D:1      | jasper the Coglin Chaos Knight began the quest for the Orb.
     0 | D:1      | Reached XP level 1. HP: 18/18 MP: 1/1
    60 | D:1      | You fall into a shaft and drop 1 floor!
   270 | D:1      | XOM: give mutations
   270 | D:1      | Gained mutation: You passively map a small area around you.
                  | [Xom's grace]
   270 | D:1      | Gained mutation: You are resistant to electric shocks.
                  | (rElec) [Xom's grace]
   356 | D:1      | Reached XP level 2. HP: 17/24 MP: 2/2
   525 | D:1      | XOM: scenery: create altars
   551 | D:1      | Identified the ring of Riyn {+Blink rF- Str+6 Int+2 Dex+2}
                  | (Xom gifted it to you on level 1 of the Dungeon)
   551 | D:1      | XOM: god gift: ring of Riyn {+Blink rF- Str+6 Int+2 Dex+2}
   710 | D:2      | XOM: scenery: 1 doors close
   759 | D:2      | XOM: 5-stop teleportation journey
   796 | D:2      | XOM: scenery: 1 doors close
   832 | D:2      | XOM: scenery: create altars
   961 | D:2      | Reached XP level 3. HP: 30/30 MP: 3/3
  1118 | D:2      | XOM: noise
  1284 | D:3      | XOM: give mutations
  1284 | D:3      | Gained mutation: Your spells are a little harder to cast,
                  | but a little more powerful. [Xom's grace]
  1284 | D:3      | Gained mutation: You are robust. (+10% HP) [Xom's grace]
  1436 | D:3      | Reached XP level 4. HP: 35/41 MP: 4/4
  1440 | D:3      | XOM: give mutations
  1440 | D:3      | Gained mutation: Your mind is acute. (Int +4, Str/Dex -1)
                  | [Xom's grace]
  1440 | D:3      | Gained mutation: You passively map the area around you.
                  | [Xom's grace]
  1449 | D:3      | XOM: scenery: 1 doors open
  1471 | D:3      | XOM: swap monsters
  1472 | D:3      | Reached skill level 5 in Fighting
  1962 | D:4      | Noticed a scorpion
  1965 | D:4      | XOM: fake destruction
  1975 | D:4      | Killed a scorpion
  1976 | D:4      | Reached skill level 2 in Ranged Weapons
  1976 | D:4      | Reached XP level 5. HP: 47/48 MP: 5/5
  2159 | D:4      | XOM: swap monsters
  2203 | D:4      | XOM: give mutations
  2203 | D:4      | Gained mutation: You have a pair of small antennae on your
                  | head. [Xom's mischief]
  2203 | D:4      | Gained mutation: You are partially covered in iridescent
                  | scales. (AC +2) [Xom's mischief]
  2203 | D:4      | Gained mutation: You are covered in fur. (AC +1) [Xom's
                  | mischief]
  2279 | D:4      | Reached skill level 3 in Ranged Weapons
  2279 | D:4      | Reached XP level 6. HP: 44/56 MP: 6/6
  2368 | D:4      | XOM: 3-stop teleportation journey
  2393 | D:4      | XOM: noise
  2588 | D:4      | XOM: scenery: create altars
  2655 | D:5      | Entered Level 5 of the Dungeon
  2655 | D:5      | Noticed Sigmund
  2664 | D:5      | Killed Sigmund
  2665 | D:5      | Reached skill level 4 in Ranged Weapons
  2732 | D:5      | XOM: 6-stop teleportation journey
  2748 | D:5      | Reached XP level 7. HP: 18/61 MP: 7/7
  2780 | D:5      | Reached skill level 5 in Ranged Weapons
  2780 | D:5      | Lost mutation: You have a pair of small antennae on your
                  | head. [potion of mutation]
  2780 | D:5      | Lost mutation: You are resistant to electric shocks.
                  | (rElec) [potion of mutation]
  2780 | D:5      | Gained mutation: Your magical capacity is low. (-10% MP)
                  | [potion of mutation]
  2780 | D:5      | Gained mutation: You are very robust. (+20% HP) [potion of
                  | mutation]
  2781 | D:5      | Lost mutation: Your mind is acute. (Int +4, Str/Dex -1)
                  | [potion of mutation]
  2781 | D:5      | Lost mutation: Your spells are a little harder to cast, but
                  | a little more powerful. [potion of mutation]
  2781 | D:5      | Lost mutation: You passively map the area around you.
                  | [potion of mutation]
  2781 | D:5      | Gained mutation: Your muscles are strong. (Str +4, Int/Dex
                  | -1) [potion of mutation]
  2781 | D:5      | Lost mutation: Your muscles are strong. (Str +4, Int/Dex
                  | -1) [potion of mutation]
  2781 | D:5      | Gained mutation: You are mostly covered in iridescent
                  | scales. (AC +4) [potion of mutation]
  2834 | D:5      | XOM: scenery: summon butterflies
  2984 | D:5      | Noticed Dowan
  2987 | D:5      | Dowan changed into Dowan the dart slug
  2987 | D:5      | Noticed Dowan
  2987 | D:5      | XOM: polymorph Dowan -> Dowan the dart slug
  2987 | D:5      | Noticed Duvessa
  2993 | D:5      | Killed Dowan the dart slug
  3016 | D:5      | XOM: scenery: summon butterflies
  3028 | D:5      | XOM: divination: detect creatures
  3030 | D:5      | XOM: smoke on damage
  3061 | D:5      | XOM: scenery: summon butterflies
  3261 | D:5      | Reached skill level 6 in Ranged Weapons
  3263 | D:5      | Found a white marble altar of Elyvilon.
  3278 | D:5      | XOM: cast spell 'Leda's Liquefaction'
  3282 | D:5      | XOM: noise
  3293 | D:5      | XOM: blink monster(s)
  3305 | D:5      | Killed Duvessa
  3308 | D:5      | Noticed Blork the orc
  3333 | D:5      | XOM: polymorph hound -> endoplasm
  3462 | D:4      | XOM: silly message
  3651 | D:5      | Killed Blork the orc
  3652 | D:5      | Reached XP level 8. HP: 71/75 MP: 7/7
  3746 | D:5      | XOM: enchant monster (bad)
  3764 | D:5      | Reached skill level 7 in Ranged Weapons
  3778 | D:5      | XOM: summons 5 hostile demons
  3807 | D:5      | XOM: enchant monster (bad)
  4057 | D:5      | XOM: stat loss: -1 Int (11/12)
  4145 | D:5      | Found a staircase to the Ecumenical Temple.
  4325 | D:6      | XOM: polymorph hound -> crocodile
  4397 | D:6      | XOM: stat loss: -1 Dex (15/22)
  4430 | D:6      | Found Begha's Antique Weapon Emporium.
  4441 | D:6      | XOM: noise
  4454 | D:6      | Bought a sling for 31 gold pieces
  4498 | D:6      | Reached skill level 8 in Ranged Weapons
  4746 | D:6      | XOM: swap monsters
  4852 | D:5      | XOM: summons 3 hostile shadow creatures
  4880 | Temple   | Entered the Ecumenical Temple
  4903 | Temple   | Fell from the grace of Xom
  4903 | Temple   | Became a worshipper of Warmaster Okawaru
  5058 | D:6      | Reached skill level 9 in Ranged Weapons
  5245 | D:6      | Found a sacrificial altar of Ru.
  5245 | D:6      | Found a burning altar of Makhleb.
  5292 | D:6      | Found a radiant altar of Vehumet.
  5325 | D:6      | Reached XP level 9. HP: 81/81 MP: 8/8
  5613 | D:7      | Noticed Jeremiah
  5628 | D:7      | Killed Jeremiah
  5628 | D:7      | Reached * piety under Okawaru
  5629 | D:7      | Reached skill level 10 in Ranged Weapons
  6111 | D:8      | Reached ** piety under Okawaru
  6112 | D:8      | Reached skill level 11 in Ranged Weapons
  6167 | D:8      | Reached skill level 1 in Dodging
  6319 | D:8      | Killed from afar by a vampire

Illustrated notes

Levels and vault maps discovered:
D:1:      scummos_arrival_simple_fountains, layout_basic, st_stairs_6,
          minmay_misc_feat_chi
D:2:      layout_basic, st_stairs_4, chequers_avenue
D:3:      layout_basic
D:4:      layout_loops_ring, serial_library_hellmonk_hallway_b
D:5:      layout_loops_cross, elyvilon_altar_5, temple_statues,
          uniq_blork_the_orc, uniq_duvessa, uniq_sigmund
D:6:      layout_basic, mainiacjoe_overflow_divided_tiny, lemuel_round_altar,
          gup_sewer_entry_glass, serial_shops, shop, kennysheep_generic_room_10
D:7:      layout_rooms, uniq_jeremiah
D:8:      layout_rooms, tso_oasis_becter
Temple:   minmay_temple_curvy_branch

Skill      XL: |  1  2  3  4  5  6  7  8  9 |
---------------+----------------------------+-----
Fighting       | 4 5 |  5.7
Ranged Weapons | 2 3 4 6 9 11 | 11.1
Armour         | 2 |  2.3
Dodging        | 1 |  1.6
Short Blades   | |  2.6

Action                     |  1- 3 |  4- 6 |  7- 9 || total
---------------------------+-------+-------+-------++-------
  Melee: Short sword       |    92 |    43 |       ||   135
         Dagger            |    61 |    44 |       ||   105
   Fire: Sling             |       |   106 |   704 ||   810
 Invoke: Heroism           |       |       |     2 ||     2
    Use: Scroll            |     5 |       |     5 ||    10
         Potion            |     5 |     1 |     5 ||    11
   Stab: Sleeping          |     5 |       |       ||     5
 Armour: Leather armour    |    34 |    58 |   287 ||   379
  Dodge: Dodged            |    59 |    66 |   175 ||   300

Table legend: (Time is in decaauts)
 A = Elapsed time spent in this place.
 B = Non-inter-level travel time spent in this place.
 C = Inter-level travel time spent in this place.
 D = Time resting spent in this place.
 E = Time spent auto-exploring this place.
 F = Levels seen in this place.
 G = Mean time per level.
                   A        B        C        D        E       F      G
               +--------+--------+--------+--------+--------+-----+--------+
         Total |   6329 |   5876 |    453 |    147 |   4392 |   9 |  703.2 |
       Dungeon |   6283 |   5874 |    409 |    147 |   4392 |   8 |  785.4 |
        Temple |     45 |      1 |     44 |      0 |      0 |   1 |   45.0 |
               +--------+--------+--------+--------+--------+-----+--------+

Top non-repeatable levels by time:
     D:5: 1673 daAuts
     D:6: 1082 daAuts
     D:4: 847 daAuts
     D:3: 718 daAuts
     D:1: 610 daAuts
     D:2: 601 daAuts
     D:7: 493 daAuts
     D:8: 255 daAuts
  Temple: 45 daAuts
